 Dungeon Crawl Stone Soup version 0.31-a0-836-g3ceb0a68c4 (webtiles) character file.

Game seed: 15137715694397574383

725 porpoise the Cutter (level 7, -14/56 HPs)
             Began as a Demonspawn Gladiator on Sept 27, 2023.
             Demolished by a shadow (24 damage)
             ... on level 5 of the Dungeon.
             The game lasted 00:16:23 (4700 turns).

porpoise the Cutter (Demonspawn Gladiator)          Turns: 4700, Time: 00:16:24

Health: -14/56     AC:  9    Str: 15    XL:     7   Next: 43%
Magic:  7/7        EV: 11    Int:  9    God:
Gold:   224        SH:  0    Dex: 16    Spells: 6/6 levels left

rFire   . . .        a - +0 rapier
rCold   . . .        (no shield)
rNeg    . . .        f - +0 ring mail
rPois   +            c - +0 helmet
rElec   .            u - +0 cloak
rCorr   .            (no gloves)
SInv    .            (no boots)
Will    .....        (no amulet)
Stlth   +            k - ring of poison resistance
HPRegen 0.29/turn    (no ring)
MPRegen 0.20/turn

%: no passive effects
@: no status effects
A: hooves 2, thin metallic scales 1, magic regeneration
a: no special abilities


You were on level 5 of the Dungeon.
You visited 1 branch of the dungeon, and saw 5 of its levels.

You collected 224 gold pieces.

Inventory:

Hand Weapons
 a - a +0 rapier (weapon)
 b - a +2 dagger of speed
Missiles
 d - a throwing net (quivered)
 e - a boomerang
 h - a javelin
 o - 2 poisoned darts
Armour
 c - a +0 helmet (worn)
 f - a +0 ring mail (worn)
 u - a +0 cloak (worn)
Jewellery
 k - a ring of poison resistance (left hand)
 t - an amulet of faith
 v - an amulet of reflection
Wands
 y - a wand of roots (12)
Scrolls
 g - a scroll of noise {unknown}
 j - a scroll of amnesia
 l - a scroll of enchant weapon {unknown}
 m - 2 scrolls of teleportation
 n - a scroll of vulnerability {unknown}
 p - a scroll of fear {unknown}
 q - a scroll of enchant armour {unknown}
 r - a scroll of blinking {unknown}
 x - a scroll of poison {unknown}
Potions
 i - a potion of ambrosia
 s - a potion of brilliance
 w - a potion of haste
 z - 2 potions of cancellation {unknown}


   Skills:
 - Level 5.0 Fighting
 * Level 6.8 Short Blades
 - Level 1.7 Throwing
 + Level 2.6 Dodging


You had 6 spell levels left.
You didn't know any spells.
Your spell library was empty.

Dungeon Overview and Level Annotations

Branches:
Dungeon (5/15)             Temple (0/1) D:4

Altars:
Ashenzari
Hepliaklqana

Annotations:
D:5 5 runed translucent doors, Sundig's ghost, amateur DgFi


Innate Abilities, Weirdness & Mutations

You have hoof-like feet.
You are partially covered in thin metallic scales. (AC +2)
You regenerate magic rapidly.


Message History

The shadow flickers and vanishes!
Deactivating autopickup; reactivate with Ctrl-A.
You hit something. You kick something. Your punch misses something.
The shadow strikes at you from the darkness!
Reactivating autopickup.
You hit the shadow. You kick the shadow, but do no damage.
The shadow is heavily damaged.
The shadow hits you.
You hit the shadow.
The shadow is severely damaged.
The shadow hits you.
You hit the shadow but do no damage.
The shadow is severely damaged.
The shadow closely misses you.
You hit the shadow but do no damage.
The shadow is severely damaged.
The shadow slips into darkness.
The shadow flickers and vanishes!
Deactivating autopickup; reactivate with Ctrl-A.
You miss something. You kick something.
The shadow strikes at you from the darkness!
* * * LOW HITPOINT WARNING * * *
Reactivating autopickup.
You barely miss the shadow.
The shadow is severely damaged.
The shadow hits you.
* * * LOW HITPOINT WARNING * * *
You barely miss the shadow.
The shadow is severely damaged.
You barely miss the shadow.
The shadow is severely damaged.
The shadow closely misses you.
You hit the shadow. You punch the shadow.
The shadow is almost destroyed.
The shadow slips into darkness.
The shadow flickers and vanishes!
Deactivating autopickup; reactivate with Ctrl-A.
You closely miss something.
The shadow strikes at you from the darkness!
You die...

####.#.#)####..#
.... # #.#.#.#
#...# o##++ #
#...#.###.#.# #
##..#.#...#.## #
#...........# #
##....###...#####
)# ######....#
#..##... .8#
..........#
..#{.####### .8#
########>.#
..#@##.#.'.##++##.
####
#.#.#)#..#........
#.#.####.#.##.....
#.##....##)...####
#..######..####
##...)....##
##########


There were no monsters in sight!

Vanquished Creatures
  Sigmund (D:3)
  2 phantoms (D:5)
  A jelly (D:5)
  An orc priest (D:4)
  A hound (D:4)
  Jessica (D:3)
  2 iguanas (D:5)
  Ijyb (D:5)
  An orc wizard (D:5)
  5 gnolls
  2 adders
  A shadow imp (D:5)
  A white imp (D:5)
  A worm (D:3)
  2 dart slugs
  9 orcs
  6 ball pythons
  4 endoplasms
  4 giant cockroaches
  7 goblins
  5 hobgoblins
  4 kobolds
  7 quokkas
  5 bats
  9 frilled lizards
  7 rats
90 creatures vanquished.

Vanquished Creatures (others)
  An endoplasm (D:3)
1 creature vanquished.

Grand Total: 91 creatures vanquished

Notes
Turn   | Place    | Note
-------+----------+-------------------------------------------
     0 | D:1      | porpoise the Demonspawn Gladiator began the quest for the
                  | Orb.
     0 | D:1      | Reached XP level 1. HP: 16/16 MP: 1/1
   117 | D:1      | Reached skill level 3 in Short Blades
   171 | D:1      | Gained mutation: You have large cloven feet. [demonic
                  | ancestry]
   171 | D:1      | Reached XP level 2. HP: 22/22 MP: 2/2
   878 | D:1      | Reached XP level 3. HP: 26/28 MP: 3/3
  1365 | D:2      | Found a broken altar of Ashenzari.
  1646 | D:2      | Gained mutation: You have hoof-like feet. [demonic
                  | ancestry]
  1646 | D:2      | Reached XP level 4. HP: 34/34 MP: 4/4
  1701 | D:2      | Reached skill level 4 in Short Blades
  2444 | D:3      | Noticed Jessica
  2448 | D:3      | Killed Jessica
  2535 | D:3      | Noticed Sigmund
  2544 | D:3      | Killed Sigmund
  2545 | D:3      | Reached skill level 5 in Short Blades
  2545 | D:3      | Gained mutation: You regenerate magic rapidly. [demonic
                  | ancestry]
  2545 | D:3      | Reached XP level 5. HP: 42/42 MP: 5/5
  2545 | D:3      | Gained mutation: You are partially covered in thin metallic
                  | scales. (AC +2) [demonic ancestry]
  2545 | D:3      | Reached XP level 6. HP: 48/48 MP: 6/6
  3477 | D:4      | Found a staircase to the Ecumenical Temple.
  3590 | D:5      | Entered Level 5 of the Dungeon
  3754 | D:5      | Found a large runed translucent door.
  3754 | D:5      | Found a large runed translucent door.
  3758 | D:5      | Reached skill level 6 in Short Blades
  3894 | D:5      | Found a hazy altar of Hepliaklqana.
  3975 | D:5      | Found a runed translucent door.
  3980 | D:5      | Noticed Sundig's ghost (amateur DgFi)
  4082 | D:5      | Reached XP level 7. HP: 41/55 MP: 7/7
  4345 | D:5      | Noticed Ijyb
  4366 | D:5      | HP: 1/55 [constriction (5)]
  4369 | D:5      | Killed Ijyb
  4631 | D:5      | Reached skill level 5 in Fighting
  4659 | D:5      | Found a large runed translucent door.
  4659 | D:5      | Found a large runed translucent door.
  4659 | D:5      | Noticed a wyvern
  4676 | D:5      | Noticed a shadow
  4700 | D:5      | Demolished by a shadow

Illustrated notes

Levels and vault maps discovered:
D:1:      wander_arrival_fairy_ring, layout_loops_cross
D:2:      layout_basic, basic_altar
D:3:      layout_loops_cross, grunt_ministairs_2, grunt_decor_arrowhead,
          minmay_misc_feat_more_columns, minmay_quadrilaterals, uniq_jessica,
          uniq_sigmund
D:4:      layout_rooms, minmay_temple_entry_from_below_a
D:5:      layout_basic, nzn_hepliaklqana_mist_gate, elyvilon_altar_1,
          ebering_ghost_reflecting_pool, minmay_stone_trees_small,
          minmay_hollow_rounded_squares, uniq_ijyb

Skill      XL: |  1  2  3  4  5  6  7 |
---------------+----------------------+-----
Short Blades   | 3 5 6 |  6.8
Fighting       | 4 5 |  5.0
Throwing       | |  1.7
Dodging        | |  2.6

Action                     |  1- 3 |  4- 6 |  7- 9 || total
---------------------------+-------+-------+-------++-------
  Melee: Rapier            |    85 |   134 |    83 ||   302
         Kick              |    17 |    57 |    27 ||   101
         Dagger            |       |    52 |       ||    52
         Punch             |       |     3 |     1 ||     4
  Throw: Throwing net      |       |     1 |     1 ||     2
         Dart              |       |       |     2 ||     2
         Javelin           |       |       |     1 ||     1
    Use: Scroll            |       |     6 |     1 ||     7
         Potion            |       |       |     2 ||     2
   Stab: Held in net/web   |       |     2 |     1 ||     3
 Armour: Ring mail         |    43 |    91 |    56 ||   190
  Dodge: Dodged            |    28 |    60 |    18 ||   106

Table legend: (Time is in decaauts)
 A = Elapsed time spent in this place.
 B = Non-inter-level travel time spent in this place.
 C = Inter-level travel time spent in this place.
 D = Time resting spent in this place.
 E = Time spent auto-exploring this place.
 F = Levels seen in this place.
 G = Mean time per level.
                   A        B        C        D        E       F      G
               +--------+--------+--------+--------+--------+-----+--------+
         Total |   4659 |   4447 |    212 |   1134 |   2445 |   5 |  931.8 |
       Dungeon |   4659 |   4447 |    212 |   1134 |   2445 |   5 |  931.8 |
               +--------+--------+--------+--------+--------+-----+--------+

Top non-repeatable levels by time:
     D:2: 1403 daAuts
     D:5: 1040 daAuts
     D:3: 843 daAuts
     D:1: 786 daAuts
     D:4: 585 daAuts
